 Dungeon Crawl Stone Soup version 0.18.1-48-g4cf74bf (webtiles) character file.

959118 RepoMan the Grand Gadgeteer (level 27, -2/284 HPs)
             Began as a Deep Dwarf Fighter on June 28, 2016.
             Was the Champion of Pakellas.
             Killed from afar by a Hell Sentinel (57 damage)
             ... with an iron shot
             ... while paralysed by Lyluepoyck
             ... on level 8 of a ziggurat on July 22, 2016.
             The game lasted 1 day 01:42:25 (80480 turns).

RepoMan the Grand Gadgeteer (DDFi)             Turns: 80480, Time: 1 , 01:42:26

Health: -2/284     AC: 52    Str: 34    XL:     27
Magic:  2/40       EV:  2    Int: 10    God:    Pakellas [******]
Gold:   3431       SH:  0    Dex: 22    Spells: 2 memorised, 22 levels left

rFire  + . .     SeeInvis +     d - +9 eveningstar (chaos)
rCold  + + .     Gourm    .     N - +4 gold dragon armour
rNeg   + + .     Faith    .     Q - +2 shield {reflect}
rPois  +         Spirit   .     X - +2 helmet {SInv}
rElec  +         Dismiss  .     v - +2 cloak {MR+}
rCorr  .         Reflect  +     c - +2 pair of gloves {Dex+3}
SustAt .         Harm     .     A - +5 pair of boots of Lesser Demons {rElec Int+3 Dex+4}
MR     +++++     Rnd*Rage +     M - brooch of Shielding {Reflect SH+8}
Stlth  ..........               P - ring "Toipn" {rC+ rN+}
                                l - ring of Zawkiuts {+Blink +Fly rElec AC+6 Stlth+}

@: paralysed, sap magic, corroded, cleaving, non-regenerating, almost entirely
resistant to hostile enchantments, extremely unstealthy
A: damage resistance, recharge devices, talons 1, berserk 1, negative energy
resistance 1, sense surroundings 3, slow regeneration 3, strong 1
a: Device Recharging, Quick Charge, Device Surge, Renounce Religion, Evoke
Blink, Evoke Flight
}: 6/15 runes: serpentine, barnacled, slimy, silver, iron, abyssal


You were on level 8 of a ziggurat.
You worshipped Pakellas.
Pakellas was exalted by your worship.
You were not hungry.

You visited 14 branches of the dungeon, and saw 68 of its levels.
You visited the Abyss 2 times.
You visited 1 bazaar.
You visited 2 ziggurats (completing 1), and saw 35 of their levels.
You also visited: Labyrinth, Sewer, Ice Cave and Volcano.

You collected 11037 gold pieces.
You spent 7236 gold pieces at shops.

Inventory:

Hand Weapons
 d - a +9 eveningstar of chaos (weapon)
 n - a +2 vampiric eveningstar
 x - the +1 eveningstar "Brilliance" {holy, rN+ AC+5 Int+5}
   (You found it on level 21 of a ziggurat)

   It has been blessed by the Shining One to cause great damage to the undead
   and demons.
   It affects your AC (+5).
   It affects your intelligence (+5).
   It protects you from negative energy.
 y - the +3 mace of Kimm {drain, Dex+4, unknown}
   (You found it on level 7 of a ziggurat)

   A truly terrible weapon, it drains the life of those it strikes.
   It affects your dexterity (+4).
 T - a +7 executioner's axe of freezing
Armour
 c - a +2 pair of gloves of dexterity (worn)
 v - a +2 cloak of magic resistance (worn)
 A - the +5 pair of boots of Lesser Demons (worn) {rElec Int+3 Dex+4}
   (You found it on level 6 of the Dungeon)

   It affects your intelligence (+3).
   It affects your dexterity (+4).
   It insulates you from electricity.
 N - a +4 gold dragon armour (worn)
 Q - a +2 shield of reflection (worn)
 X - a +2 helmet of see invisible (worn)
Rods
 b - a +5 rod of inaccuracy (5/15)
   (Pakellas gifted it to you on level 12 of the Dungeon)
 i - a +3 rod of ignition (12/12)
   (You bought it in a shop on level 2 of the Depths)
 p - a +5 iron rod (11/12)
   (You found it on level 7 of the Iron City of Dis)
 L - a +2 lightning rod (11/11)
   (You found it on level 6 of a ziggurat)
 Y - a +3 iron rod (14/14)
   (You found it on level 21 of a ziggurat)
Jewellery
 l - the ring of Zawkiuts (left hand) {+Blink +Fly rElec AC+6 Stlth+}
   (You bought it in a shop on level 9 of the Dungeon)

   [ring of protection]

   It affects your AC (+6).
   It insulates you from electricity.
   It lets you fly.
   It lets you blink.
   It makes you more stealthy.
 F - the ring of the Catfish {rF+ Dex+3}
   (You found it on level 5 of a ziggurat)

   [ring of dexterity]

   It affects your dexterity (+3).
   It protects you from fire.
 J - an uncursed ring of resist corrosion
 M - the brooch of Shielding (around neck) {Reflect SH+8}
   (You found it on level 11 of a ziggurat)

   [amulet of reflection]

   It shields you and reflects attacks.
   It affects your SH (+8).
 P - the ring "Toipn" (right hand) {rC+ rN+}
   (You took it off a vampire mage on level 3 of the Crypt)

   [ring of protection from cold]

   It protects you from cold.
   It protects you from negative energy.
Wands
 e - a supercharged wand of heal wounds (5/13)
 h - a wand of hasting (3/9)
 o - a wand of digging (4/24)
 u - a wand of acid (5/15)
 K - a wand of iceblast (5/15)
Scrolls
 a - a scroll of identify
 s - 2 scrolls of recharging
 w - 6 scrolls of magic mapping
 C - 2 scrolls of holy word
 D - 4 scrolls of fog
 I - 9 scrolls of fear
 O - 24 scrolls of teleportation
 Z - 43 scrolls of remove curse
Potions
 r - 15 potions of curing
 z - 7 potions of cure mutation
 B - 2 potions of cancellation
 G - 3 potions of magic
Miscellaneous
 g - a box of beasts {used: 1}
 k - an ornate deck of defence {drawn: 1}
 m - the horn of Geryon
 t - a disc of storms
 H - a fan of gales
 R - a phial of floods
 U - a lamp of fire
 V - a stone of tremors
Comestibles
 f - 19 bread rations
 j - 7 chunks of flesh
 W - 19 meat rations


   Skills:
 * Level 23.7 Fighting
 + Level 13.8(23.1) Axes
 O Level 27 Maces & Flails
 O Level 27 Armour
 + Level 24.8 Dodging
 O Level 27 Shields
 O Level 27 Evocations


You had 22 spell levels left.
You knew the following spells:

 Your Spells              Type           Power        Failure   Level  Hunger
a - Apportation           Tloc           #.........   98%         1    ##.....
v - Vampiric Draining     Necr           #.........   100%        3    ####...


Dungeon Overview and Level Annotations

Branches:
Dungeon (15/15)            Temple (1/1) D:5            Lair (8/8) D:9
 Shoals (4/4) Lair:3        Snake (4/4) Lair:5        Slime (6/6) Lair:8
    Orc (2/2) D:10            Elf (3/3) Orc:2        Vaults (5/5) D:14
  Crypt (3/3) Vaults:3       Tomb (0/3) Crypt:3      Depths (5/5) D:15
   Hell (1/1)                 Dis (7/7) Hell            Geh (0/7) Hell
    Coc (0/7) Hell            Tar (0/7) Hell            Zot (4/5) Depths:5

Altars:
Ashenzari
Cheibriados
Dithmenos
Elyvilon
Fedhas
Gozag
Kikubaaqudgha
Makhleb
Nemelex Xobeh
Okawaru
Pakellas
Qazlal
Ru
Sif Muna
Trog
Vehumet
Xom
Yredelemnul
Zin
The Shining One
Beogh

Shops:
D:5 }   D:9 =   D:11 :!   D:15 [:   Orc:2 (*[=   Elf:1 [([[*   Shoals:1 *(%
Shoals:2 %   Shoals:3 (   Snake:3 *   Vaults:1 [   Vaults:2 (:   Vaults:3 (
Vaults:4 =   Vaults:5 [   Depths:2 }   Depths:3 =

Portals:
Hell: Depths:1 Depths:2 Depths:3 Depths:4 Depths:5
Abyss: Depths:3 Depths:4
Pandemonium: Depths:2 Depths:3 Depths:4
Trove: D:15 (give 6 potions of haste)


Innate Abilities, Weirdness & Mutations

You are resistant to damage.
You can recharge devices by infusing magical energy.
You resist negative energy.
You passively map a large area around you.
You do not regenerate naturally.
You have sharp toenails.
You tend to lose your temper in combat.
Your muscles are strong. (Str +2)


Message History

The infernal warmonger hits you but does no damage.
The putrid warmonger hits you but does no damage.
Lyluepoyck hits you!!
* * * LOW HITPOINT WARNING * * *
The Hell Sentinel hits you but does no damage. x2
The reaper hits you from afar with a scythe of venom!
The balrug hits you with a demon whip.
* * * LOW HITPOINT WARNING * * *
You are engulfed in flames!
You resist.
* * * LOW HITPOINT WARNING * * *
The rust devil hits you. The rust devil corrodes you!
Lyluepoyck hits you but does no damage.
The cacodemon hits you but does no damage.
The cacodemon hits you.
The putrid warmonger hits you but does no damage.
Lyluepoyck completely misses you. The Hell Sentinel gestures at you.
Helpless, you fail to dodge the iron shot.
You die...
Pakellas says: That's one more possible approach eliminated.

▓▓▓▓▓▓▓▓▓▓ *
........▓▓ ,
,#...#...▓▓
.##...##...▓▓
∩,,.......2....▓▓
*,
,,.....6642..∩.▓
*
,,....221@2...▓▓
.##..2##&..▓▓ #..
#...▓▓ *
.....22..▓▓
▓▓▓▓▓▓▓▓▓▓


You could see Lyluepoyck, a Hell Sentinel, 2 cacodemons, 2 demonspawn, a hell
beast, a reaper, a balrug, a green death and a rust devil.

Vanquished Creatures
  the Royal Jelly (Slime:6)
  the Serpent of Hell (Dis:7)
  Dispater (Dis:7)
  The ghost of nixorn the Axe Maniac, a legendary HOFi of Makhleb (Zig:21)
  12 ancient liches
  4 orbs of fire (Zig:16)
  A juggernaut (Zig:18)
  9 pandemonium lords
  Boris (Depths:5)
  Margery (Depths:3)
  A curse toe (Zot:4)
  9 Killer Klowns
  Geryon (Hell)
  5 golden dragons
  the Enchantress (Depths:3)
  11 iron giants
  2 Tzitzimimeh
  5 bone dragons
  Jorgrun (Vaults:1)
  5 Brimstone Fiends
  An electric golem (Zot:1)
  4 Ice Fiends
  14 tentacled monstrosities
  12 Hell Sentinels
  4 deep elf blademasters
  9 quicksilver dragons
  The ghost of loom the Slayer, an adept MiFi of Okawaru (Depths:2)
  Asterion (Depths:1)
  A deep elf master archer (Elf:3)
  6 titans
  3 sphinxes
  6 death cobs
  3 Executioners
  7 liches
  31 acid blobs
  7 tentacled starspawn
  12 shadow dragons
  15 storm dragons
  Ilsuiw (Shoals:4)
  7 ancient champions
  12 draconian monks
  A storm dragon (shapeshifter) (Zig:6)
  5 tengu reavers
  4 revenants
  30 greater nagas
  16 azure jellies
  9 frost giants
  Wiglaf (Depths:2)
  13 deep elf sorcerers
  7 ghost moths
  Donald (Crypt:3)
  3 emperor scorpions
  11 draconian knights
  5 draconian scorchers
  3 corrupters
  17 fire giants
  2 cacodemons
  11 large abominations
  Maud (Lair:4)
  13 draconian zealots
  15 vault wardens
  5 balrugs
  Aizul (Elf:1)
  6 draconian shifters
  19 iron dragons
  3 spriggan defenders
  12 curse skulls
  22 reapers
  6 draconian annihilators
  5 deep elf elementalists
  7 orc warlords
  Louise (Snake:3)
  25 stone giants
  26 war gargoyles
  8 ironheart preservers
  23 very ugly things
  A blood saint (Zig:11)
  9 vampire knights
  3 draconian callers
  4 chaos champions
  4 lorocyprocas
  13 salamander stormcallers
  12 mottled draconians
  5 green draconians
  8 deep elf demonologists
  A black sun (Zig:11)
  The ghost of schammes the Cleaver, a journeyman DsFi of Makhleb (Snake:1)
  12 black draconians
  4 spark wasps (Depths:3)
  11 purple draconians
  14 yellow draconians
  15 red draconians
  7 deep elf annihilators
  17 white draconians
  7 blizzard demons
  14 deep elf death magi
  8 ettins
  A minotaur (Lab)
  A green death (Dis:7)
  3 fire dragons (shapeshifter) (Depths:4)
  16 merfolk javelineers
  A minotaur (shapeshifter) (Zig:14)
  33 vault guards
  28 yaktaur captains
  2 eidola (Crypt:2)
  8 ogre magi
  10 death oozes
  12 merfolk impalers
  2 deep elf high priests (Elf:3)
  4 jiangshi
  13 fire dragons
  16 naga warriors
  6 rakshasas
  13 great orbs of eyes
  A kraken zombie (Hell)
  6 entropy weavers
  16 hydras
  2 catoblepae (shapeshifter)
  A hydra (shapeshifter) (Depths:4)
  An ice dragon (shapeshifter) (Depths:4)
  2 hell beasts
  12 spriggan air magi
  20 ice dragons
  A caustic shrike simulacrum (Depths:4)
  13 centaur warriors
  10 anacondas
  A catoblepas (Lair:8)
  6 death knights
  4 alligator snapping turtles
  3 tengu warriors
  12 merfolk aquamancers
  25 dancing weapons
  5 merfolk avatars
  11 death yaks
  5 deep troll shamans
  13 orc high priests
  A hell hog (shapeshifter) (Zig:27)
  5 satyrs
  A shock serpent (shapeshifter) (Depths:4)
  4 sun demons (Hell)
  4 spriggan berserkers
  7 deep troll earth magi
  3 thrashing horrors
  5 titan zombies
  17 vampire magi
  15 naga sharpshooters
  13 soul eaters
  10 hell hogs
  26 deep elf knights
  13 shock serpents
  5 fire crabs
  4 shadow wraiths
  14 iron golems
  A storm dragon zombie (Zig:9)
  An iron giant zombie (D:15)
  3 wretched stars
  Nergalle (Lair:4)
  A titan skeleton (Crypt:3)
  26 hell knights
  68 skeletal warriors
  17 iron trolls
  7 salamander mystics
  11 giant orange brains
  5 spatial maelstroms
  2 anaconda zombies
  2 death drakes (Zig:17)
  3 unseen horrors
  25 sea snakes
  16 deep trolls
  3 ghost moth zombies
  An infernal demonspawn (Depths:2)
  9 flayed ghosts
  3 storm dragon skeletons
  12 deep elf archers
  7 naga ritualists
  2 lindwurms
  6 necromancers
  4 swamp dragons
  A kraken simulacrum (Hell)
  9 phantasmal warriors
  6 starcursed masses (Zig:15)
  2 sphinx zombies (Zig:25)
  5 hill giants
  A tengu zombie (Zig:25)
  15 ironbrand convokers
  2 wolf spiders (shapeshifter)
  22 orc knights
  6 frost giant zombies
  A wolf spider zombie (Hell)
  6 oklob plants
  16 fauns
  16 harpies
  10 wolf spiders
  4 fire giant zombies
  10 shining eyes
  2 wizards (Vaults:2)
  2 orb spiders (Zig:7)
  4 iron dragon zombies
  2 griffons (shapeshifter)
  5 hornets
  10 orc sorcerers
  11 salamanders
  7 mana vipers
  20 moths of wrath
  A shadow dragon skeleton (Dis:2)
  77 deep elf magi
  19 cyclopes
  24 griffons
  3 stone giant zombies
  14 manticores
  2 hornets (shapeshifter)
  39 ugly things
  A moth of wrath (shapeshifter) (Vaults:1)
  A manticore (shapeshifter) (Zig:27)
  3 centaur zombies
  2 sixfirhies
  2 worldbinders
  16 elephants
  A frost giant skeleton (Crypt:3)
  2 octopodes (shapeshifter)
  A dire elephant zombie (Dis:1)
  3 ice statues
  3 eyes of devastation
  31 rust devils
  An iron dragon skeleton (Crypt:3)
  3 molten gargoyles
  10 sirens
  8 guardian serpents
  A stone giant skeleton (Vaults:5)
  41 black mambas
  8 smoke demons
  6 apocalypse crabs
  24 naga magi
  An eye of devastation (shapeshifter) (Zig:14)
  19 vault sentinels
  9 water nymphs
  7 spiny frogs
  7 gargoyles
  7 elf zombies (Zig:25)
  3 emperor scorpion zombies
  13 komodo dragons
  54 yaktaurs
  3 spriggan zombies
  4 kobold demonologists
  8 hellions
  21 tormentors
  5 spectral swamp worms (Depths:5)
  5 efreet
  A redback zombie (Crypt:1)
  2 rime drakes
  An ancient zyme (Zig:6)
  11 freezing wraiths
  3 hellwings
  A golden dragon simulacrum (Depths:3)
  2 anaconda simulacra
  14 ice devils
  4 demonic crawlers
  4 tengu conjurers
  13 red devils
  A yaktaur skeleton (Vaults:5)
  20 polar bears
  A jumping spider (shapeshifter) (Zig:14)
  6 jumping spiders
  14 trolls
  A harpy zombie (Dis:7)
  2 hydra zombies (Hell)
  50 merfolk
  8 two-headed ogres
  A tarantella zombie (Crypt:1)
  5 wind drakes
  7 boulder beetles
  A blink frog (shapeshifter) (Vaults:3)
  A bog body (Zig:1)
  10 raiju
  A slime creature (shapeshifter) (Vaults:5)
  4 ice dragon zombies
  A fire dragon zombie (Crypt:3)
  Prince Ribbit (Lair:1)
  22 blink frogs
  11 snapping turtles
  6 ettin zombies
  2 hydra skeletons
  A hornet zombie (D:13)
  2 alligator zombies
  4 black mamba zombies
  108 slime creatures
  3 ice dragon skeletons
  5 vampires
  A guardian serpent skeleton (Crypt:2)
  4 air elementals
  A fire dragon skeleton (Crypt:1)
  17 flying skulls
  32 water elementals
  An ettin skeleton (Crypt:1)
  16 spriggans
  A deep troll skeleton (Zig:1)
  9 tarantellas
  Sigmund (D:2)
  5 ynoxinuls
  25 redbacks
  11 shadows
  A human (D:7)
  A redback (shapeshifter) (Zig:26)
  17 wraiths
  2 wyverns
  45 yaks
  3 elf skeletons
  14 fire elementals
  A giant leech zombie (Crypt:1)
  6 basilisks
  A redback simulacrum (D:14)
  13 golden eyes
  2 hippogriffs (shapeshifter)
  21 vampire mosquitoes
  22 hippogriffs
  A golden eye (shapeshifter) (Depths:2)
  12 wargs
  3 neqoxecs
  A spatial vortex (Zig:6)
  4 hungry ghosts
  The ghost of Lennu the Chiller, an amateur FoIE (D:3)
  2 chaos spawn
  3 steam dragons
  A harpy simulacrum (Depths:4)
  3 mottled dragons
  44 nagas
  A merfolk zombie (Crypt:1)
  A soldier ant (Lair:4)
  Edmund (D:6)
  2 spiny frog zombies (Hell)
  A water moccasin (shapeshifter) (Zig:26)
  2 giant eyeballs
  A hydra simulacrum (Hell)
  30 hell hounds
  20 water moccasins
  6 porcupines
  2 human skeletons (Zig:9)
  61 orc warriors
  Duvessa (D:7)
  3 swamp drakes
  A swamp dragon zombie (Hell)
  4 ice beasts
  4 snapping turtle zombies
  A spiny frog skeleton (Crypt:2)
  7 sky beasts
  5 phantoms
  A hell rat (D:9)
  10 wasps
  A ghost crab zombie (Crypt:2)
  2 black bears
  35 wolves
  12 eyes of draining
  43 ogres
  7 boggarts
  A boggart (shapeshifter) (Vaults:5)
  A necrophage (D:9)
  29 centaurs
  A crocodile (shapeshifter) (Zig:26)
  22 crocodiles
  A manticore skeleton (Crypt:1)
  A big kobold (shapeshifter) (Zig:27)
  7 big kobolds
  5 earth elementals
  14 giant frogs
  2 water moccasin zombies
  A wyvern skeleton (D:14)
  Dowan (D:7)
  2 small abominations (Zig:15)
  5 scorpions
  17 killer bees
  26 wights
  4 electric eels
  12 howler monkeys
  7 crimson imps
  A giant frog zombie (D:11)
  35 jellies
  A wyvern simulacrum (D:14)
  2 human simulacra (Vaults:4)
  8 hounds
  2 human zombies (Crypt:3)
  A quasit (D:9)
  30 orc priests
  3 giant frog skeletons
  25 iron imps
  4 centaur skeletons
  8 iguanas
  Natasha (twice) (D:2)
  Terence (D:2)
  28 orc wizards
  2 porcupine zombies
  A two-headed ogre skeleton (Crypt:2)
  9 worker ants
  45 sheep
  A sheep (shapeshifter) (Elf:2)
  2 naga zombies
  A hound zombie (D:6)
  3 hound skeletons
  5 mummies
  A worker ant zombie (D:10)
  15 adders
  9 gnolls
  30 river rats
  3 shadow imps
  A white imp (Zig:9)
  An ufetubus (Depths:3)
  3 oozes
  An adder skeleton (D:4)
  An adder zombie (D:10)
  A worm (D:4)
  3 dart slugs
  7 giant geckos
  97 orcs
  An orc (shapeshifter) (Zig:27)
  3 ball pythons
  7 bats
  6 giant cockroaches
  4 hobgoblins
  7 jackals
  2 quokkas
  A giant newt (D:2)
  2 goblins
  28 kobolds
  A kobold zombie (Dis:7)
  An orc skeleton (Crypt:1)
  An orc zombie (Dis:4)
  A quokka skeleton (D:7)
  21 rats
  A river rat zombie (Crypt:2)
  6 fire vortices
  A fungus (Lair:2)
  4 lost souls
  6 plants
  2 starspawn tentacles
  3 tentacles (Hell)
  A tentacle segment (Hell)
  3 withered plants (Crypt:3)
3800 creatures vanquished.

Vanquished Creatures (collateral kills)
  An ancient lich (Zig:27)
  A Killer Klown (Zig:14)
  A curse toe (Zot:3)
  Saint Roka (Snake:2)
  A golden dragon (Zig:27)
  A bone dragon (Zig:15)
  A Brimstone Fiend (Dis:7)
  3 tentacled monstrosities
  A deep elf blademaster (Elf:3)
  A quicksilver dragon (Zig:15)
  3 titans
  A sphinx (Vaults:1)
  6 acid blobs
  An azure jelly (Zig:21)
  4 tengu reavers
  3 greater nagas
  4 shadow dragons
  A frost giant (Depths:3)
  3 iron dragons
  3 deep elf sorcerers
  A draconian scorcher (Zot:3)
  A draconian annihilator (Depths:5)
  A ghoul (Vaults:1)
  4 ironheart preservers
  2 reapers (Zig:25)
  2 war gargoyles
  A salamander stormcaller (Zig:16)
  3 deep elf annihilators
  3 deep elf demonologists (Elf:3)
  A purple draconian (Zot:4)
  The ghost of baghtru the Cleaver, a journeyman HOFi of Beogh (Lair:2)
  A merfolk impaler (Shoals:3)
  2 great orbs of eyes
  2 yaktaur captains
  3 deep elf high priests (Elf:3)
  A green death (Dis:7)
  4 ice dragons
  2 fire dragons (Zig:17)
  3 entropy weavers
  Harold (Lair:4)
  A rakshasa (Depths:3)
  A naga warrior (Snake:4)
  2 anacondas (Snake:3)
  A satyr (Zig:19)
  5 death yaks (Lair:6)
  A hell hog (shapeshifter) (Zig:14)
  3 naga sharpshooters
  The ghost of Caphalor the Fighter, a novice TeAE of Vehumet (D:10)
  2 hell knights (Depths:3)
  A shock serpent (Zig:23)
  2 skeletal warriors (Dis:4)
  A sea snake (Shoals:3)
  A deep elf archer (Elf:3)
  A tengu zombie (Zig:25)
  A deep troll (Vaults:3)
  2 naga ritualists (Snake:4)
  4 harpies (Shoals:3)
  An orc knight (Vaults:2)
  2 iron dragon zombies (Zig:25)
  An ironbrand convoker (Vaults:5)
  A hornet (Zig:5)
  A manticore (Zig:24)
  A mana viper (Snake:3)
  4 ugly things
  4 oklob plants
  3 griffons
  2 salamanders
  A frost giant zombie (Dis:4)
  3 shining eyes
  A salamander (shapeshifter) (Zig:15)
  A guardian serpent (Zig:22)
  3 rust devils
  A torpor snail (Zig:5)
  3 black mambas
  A smoke demon (Zig:15)
  A vault sentinel (Vaults:5)
  4 naga magi
  A water nymph (Zig:22)
  An orange demon (Zig:25)
  A freezing wraith (Zig:27)
  A demonic crawler (Zig:22)
  2 tormentors
  A jumping spider (Zig:22)
  A tengu conjurer (Depths:1)
  A troll (Zig:18)
  A wind drake (Zig:17)
  2 merfolk (Shoals:3)
  2 elf zombies (Zig:25)
  2 two-headed ogres
  A blink frog (shapeshifter) (Zig:14)
  5 slime creatures
  2 redbacks (Vaults:5)
  A shadow (Dis:1)
  A fire elemental (Zig:10)
  A vampire (Zig:15)
  3 yaks
  A golden eye (Zig:15)
  A hippogriff (D:9)
  2 wargs
  A mottled dragon (shapeshifter) (Zig:14)
  3 vampire mosquitoes (D:14)
  6 nagas
  A giant eyeball (Depths:1)
  A porcupine (D:9)
  4 hell hounds
  A sky beast (shapeshifter) (Vaults:5)
  An orc warrior (Vaults:2)
  A swamp drake (Zig:22)
  A wasp (Depths:3)
  3 eyes of draining
  An ice beast (D:10)
  3 ogres
  A crocodile (Lair:4)
  A manticore skeleton (Dis:1)
  A giant frog (D:14)
  5 wights (D:10)
  A giant frog zombie (D:10)
  7 jellies
  2 iron imps
  An orc priest (Orc:2)
  2 river rats (D:9)
  3 orcs
  4 rats (D:9)
  A plant (Depths:5)
  A starspawn tentacle (Abyss:4)
240 creatures vanquished.

Vanquished Creatures (others)
  2 ancient liches (Zig:27)
  The ghost of letownia the Wrestler, a veteran TrWz of Makhleb (Crypt:3)
  A golden dragon (Depths:4)
  A tentacled monstrosity (Zot:2)
  A titan (Zig:27)
  8 deep elf master archers
  A shadow dragon (Zig:17)
  A draconian knight (Zot:2)
  2 greater nagas (Zig:22)
  A deep elf elementalist (Elf:3)
  4 stone giants
  2 war gargoyles (Dis:7)
  A corrupter (Zig:11)
  A yellow draconian (Zot:1)
  6 merfolk javelineers
  5 yaktaur captains
  A fire dragon (Depths:3)
  A naga warrior (Snake:4)
  3 satyrs
  2 centaur warriors
  A tengu warrior (Depths:2)
  4 naga sharpshooters
  A skeletal warrior (Crypt:3)
  A soul eater (Hell)
  A hell knight (Hell)
  6 deep elf archers
  A phantasmal warrior (Crypt:1)
  2 ugly things (Vaults:3)
  2 deep elf magi (Vaults:5)
  3 cyclopes
  A manticore (Shoals:4)
  A black mamba (Zig:23)
  3 fauns
  A naga mage (Zig:23)
  A drowned soul (Abyss:4)
  9 yaktaurs
  A merfolk (Zig:24)
  A polar bear (IceCv)
  A blink frog (Zig:15)
  An ettin skeleton (Zig:9)
  A redback (Vaults:5)
  A wraith (Dis:7)
  2 nagas
  A crocodile (D:9)
  A swamp drake (Zig:17)
  3 centaurs
  A wight (D:10)
  An orc wizard (Snake:2)
  3 eldritch tentacle segments (Zig:26)
  7 fungi
  3 lost souls
  24 plants
  19 starspawn tentacles
  445 starspawn tentacle segments
  12 tentacles (Hell)
  490 tentacle segments (Hell)
  31 withered plants
1132 creatures vanquished.

Grand Total: 5172 creatures vanquished

Notes
Turn   | Place    | Note
--------------------------------------------------------------
     0 | D:1      | RepoMan the Deep Dwarf Fighter began the quest for the Orb.
     0 | D:1      | Reached XP level 1. HP: 20/20 MP: 1/1
   446 | D:1      | Reached XP level 2. HP: 22/27 MP: 2/2
   520 | D:1      | Reached skill level 1 in Dodging
   520 | D:1      | Reached skill level 1 in Evocations
   620 | D:2      | Found a shadowy altar of Dithmenos.
   639 | D:2      | Noticed Sigmund
   672 | D:2      | Killed Sigmund
   672 | D:2      | Reached XP level 3. HP: 20/33 MP: 2/5
   672 | D:2      | Reached XP level 4. HP: 25/40 MP: 2/6
   672 | D:2      | Reached XP level 5. HP: 28/46 MP: 2/7
   700 | D:2      | Noticed Terence
   741 | D:2      | Killed Terence
   903 | D:2      | Found a sacrificial altar of Ru.
   935 | D:2      | Noticed Natasha
   943 | D:2      | Killed Natasha
  1019 | D:3      | Found a glowing silver altar of Zin.
  1035 | D:3      | Noticed Lennu's ghost (amateur FoIE)
  1045 | D:2      | Noticed Natasha
  1055 | D:2      | Killed Natasha
  1055 | D:2      | Reached XP level 6. HP: 28/55 MP: 8/8
  1108 | D:3      | Found a glowing drain.
  1110 | D:3      | Found a shattered altar of Ashenzari.
  1118 | Sewer    | Entered a sewer
  1145 | Sewer    | Reached skill level 5 in Axes
  1426 | Sewer    | Reached XP level 7. HP: 29/61 MP: 9/9
  1611 | D:3      | Killed Lennu's ghost
  1611 | D:3      | Reached skill level 5 in Armour
  1630 | D:3      | Found a basalt altar of Yredelemnul.
  1631 | D:3      | Found an ancient bone altar of Kikubaaqudgha.
  1910 | D:3      | Found a faded altar to an unknown god.
  2609 | D:5      | Entered Level 5 of the Dungeon
  2609 | D:5      | Found Iqokuy's Gadget Shoppe.
  2670 | D:5      | Found a deep blue altar of Sif Muna.
  2740 | D:5      | Reached XP level 8. HP: 39/68 MP: 11/11
  2753 | D:5      | Found a shimmering altar of Xom.
  2922 | D:5      | Reached skill level 5 in Dodging
  3190 | D:5      | Found a sparkling altar of Nemelex Xobeh.
  3318 | D:5      | Found a staircase to the Ecumenical Temple.
  3327 | Temple   | Entered the Ecumenical Temple
  3518 | Temple   | Became a worshipper of Pakellas the Inventive
  3573 | D:6      | Reached skill level 5 in Evocations
  3610 | D:6      | Got a pair of ichor-stained boots
  3611 | D:6      | Identified the +5 pair of boots of Lesser Demons {rElec Int+3 Dex+4} (You found it on level 6 of the Dungeon)
  3687 | D:6      | Reached skill level 5 in Shields
  3870 | D:6      | Reached * piety under Pakellas
  3870 | D:6      | Received a gift from Pakellas
  3916 | D:6      | Noticed Edmund
  3989 | D:7      | Gained mutation: You passively map the area around you. [Deep Dwarf growth]
  3989 | D:7      | Reached XP level 9. HP: 58/76 MP: 13/13
  4088 | D:7      | Found a radiant altar of Vehumet.
  4259 | D:7      | Got a warped whip
  4351 | D:7      | Found a blossoming altar of Fedhas.
  4416 | D:7      | Identified the +10 whip "Daozek" {venom, +Blink MR+} (You found it on level 7 of the Dungeon)
  4489 | D:7      | Noticed Duvessa
  4490 | D:7      | Noticed Dowan
  4496 | D:7      | Reached ** piety under Pakellas
  4496 | D:7      | Received a gift from Pakellas
  4513 | D:7      | Killed Dowan
  4540 | D:7      | Killed Duvessa
  4540 | D:7      | Reached skill level 1 in Maces & Flails
  4878 | D:8      | Reached XP level 10. HP: 64/87 MP: 15/15
  4896 | D:8      | Reached *** piety under Pakellas
  4896 | D:8      | Received a gift from Pakellas
  5389 | D:9      | Found a white marble altar of Elyvilon.
  5607 | D:9      | Found Juwev's Jewellery Boutique.
  5727 | D:9      | Found a staircase to the Lair.
  6088 | D:10     | Entered Level 10 of the Dungeon
  6113 | D:10     | Reached **** piety under Pakellas
  6113 | D:10     | Received a gift from Pakellas
  6135 | D:10     | Noticed a hill giant
  6154 | D:10     | Killed a hill giant
  6154 | D:10     | Reached skill level 5 in Fighting
  6210 | D:10     | Noticed Caphalor's ghost (novice TeAE)
  6226 | D:10     | Killed Caphalor's ghost
  6226 | D:10     | Reached skill level 5 in Maces & Flails
  6295 | D:10     | Noticed a hill giant
  6318 | D:10     | Killed a hill giant
  6850 | D:10     | Reached XP level 11. HP: 76/96 MP: 10/17
  7056 | D:10     | Found a staircase to the Orcish Mines.
  7167 | D:11     | Found Ephe's Book Shop.
  7171 | D:11     | Noticed a red ugly thing
  7189 | D:11     | Killed a red ugly thing
  7624 | D:11     | Found Zabled's Distillery.
  7629 | D:11     | Bought a potion of mutation for 40 gold pieces
  7629 | D:11     | Bought a potion of curing for 48 gold pieces
  7658 | D:11     | Noticed a white ugly thing
  7668 | D:11     | Killed a white ugly thing
  8002 | D:12     | Noticed a skeletal warrior
  8009 | D:12     | Noticed a death knight
  8009 | D:12     | Reached ***** piety under Pakellas
  8009 | D:12     | Received a gift from Pakellas
  8040 | D:11     | Killed a skeletal warrior
  8136 | D:12     | Killed a death knight
  8168 | D:12     | Found a flickering gateway to a bazaar.
  8177 | Bazaar   | Entered a bazaar
  8177 | Bazaar   | Found Peilawn's Distillery.
  8177 | Bazaar   | Found Nunuz's Magic Scroll Shoppe.
  8177 | Bazaar   | Found Zaiq's Antique Armour Emporium.
  8208 | Bazaar   | Bought a potion of cure mutation for 225 gold pieces
  8215 | Bazaar   | Bought an ancient ring mail for 270 gold pieces
  8217 | Bazaar   | Bought a potion of mutation for 22 gold pieces
  8230 | Bazaar   | Identified the +5 ring mail "Foaqach" {rElec} (You bought it in a shop in a bazaar)
  8415 | Lair:1   | Entered Level 1 of the Lair of Beasts
  8633 | Lair:1   | Identified a +3 rod of inaccuracy (13/13) (Pakellas gifted it to you on level 12 of the Dungeon)
  8635 | Lair:1   | Noticed Prince Ribbit
  8636 | Lair:1   | Killed Prince Ribbit
  8860 | Lair:1   | Reached XP level 12. HP: 54/106 MP: 6/19
  9440 | Lair:2   | Reached skill level 10 in Evocations
  9622 | Lair:2   | Noticed a seven-headed hydra
  9629 | Lair:2   | Killed a seven-headed hydra
  9841 | Lair:2   | Noticed baghtru's ghost (journeyman HOFi)
  9852 | Lair:2   | Killed baghtru's ghost
 10728 | Lair:3   | Found a staircase to the Shoals.
 10953 | Lair:3   | Reached skill level 10 in Dodging
 11295 | Lair:4   | Found a dark tunnel.
 11310 | Volcano  | Entered a volcano
 11346 | Volcano  | Reached skill level 10 in Armour
 11367 | Volcano  | Reached XP level 13. HP: 70/115 MP: 11/21
 11478 | Lair:4   | Noticed Harold
 11491 | Lair:4   | Killed Harold
 11583 | Lair:4   | Noticed Nergalle
 11601 | Lair:4   | Killed Nergalle
 11601 | Lair:4   | Reached skill level 10 in Maces & Flails
 11704 | Lair:4   | Noticed Maud
 11735 | Lair:4   | Killed Maud
 11761 | Lair:4   | Identified a scroll of acquirement
 11943 | Lair:4   | Reached skill level 10 in Shields
 12433 | Lair:5   | Found a staircase to the Snake Pit.
 12744 | Lair:5   | Reached ****** piety under Pakellas
 13474 | Lair:6   | Found a frozen archway.
 13519 | IceCv    | Entered an ice cave
 13979 | IceCv    | Gained mutation: You resist negative energy. [Deep Dwarf growth]
 13979 | IceCv    | Reached XP level 14. HP: 106/127 MP: 21/23
 14108 | IceCv    | Noticed a frost giant
 14127 | IceCv    | Killed a frost giant
 14870 | Orc:1    | Entered Level 1 of the Orcish Mines
 15082 | Orc:2    | Entered Level 2 of the Orcish Mines
 15633 | Orc:2    | Noticed an orc warlord
 15659 | Orc:2    | Killed an orc warlord
 15735 | Orc:2    | Found a roughly hewn altar of Beogh.
 15748 | Orc:2    | Found Goepni's General Store.
 15765 | Orc:2    | Found Weostril's Antique Weapon Emporium.
 15768 | Orc:2    | Found Balint's Jewellery Emporium.
 15776 | Orc:2    | Bought a cursed ring of loudness for 58 gold pieces
 15804 | Orc:2    | Bought a scroll of identify for 30 gold pieces
 15817 | Orc:2    | Found Gen Koacsui's Antique Armour Emporium.
 15868 | Orc:2    | Found a staircase to the Elven Halls.
 16423 | Orc:2    | Found a roughly hewn altar of Beogh.
 17576 | D:14     | Found a labyrinth entrance.
 17585 | Lab      | Entered a labyrinth
 18073 | Lab      | Identified the Incunabulum of Evil Summoning
 18075 | Lab      | Got a sapphire long sword
 18086 | Lab      | Identified the +8 long sword "Goozupi" {pain, *Drain rN+ Str+4 Int+2} (You found it in a labyrinth)
 18211 | D:14     | Reached XP level 15. HP: 109/136 MP: 24/24
 18317 | D:14     | Found a gate to the Vaults.
 18862 | D:15     | Entered Level 15 of the Dungeon
 18862 | D:15     | Found a staircase to the Depths.
 19291 | D:15     | Found Duwn's Book Emporium.
 19341 | D:15     | Found Liunam's Antique Armour Emporium.
 19389 | D:15     | Reached skill level 10 in Fighting
 19398 | D:15     | Bought an embroidered cloak for 117 gold pieces
 19443 | D:15     | Found a portal to a secret trove of treasure.
 20512 | D:6      | Killed Edmund
 20857 | D:9      | Bought the ring of Zawkiuts {+Blink +Fly rElec AC+6 Stlth+} for 1643 gold pieces
 20857 | D:9      | Bought a cursed amulet of inaccuracy for 32 gold pieces
 21328 | Lair:6   | Got a bone short sword
 22461 | Lair:7   | Identified the +7 short sword of Wem Qes {distort, Str+4} (You found it on level 6 of the Lair of Beasts)
 22462 | Lair:7   | Cast into level 4 of the Abyss (a distortion unwield)
 22474 | Abyss:4  | Found a corrupted altar of Lugonu.
 22628 | Abyss:4  | Noticed a tentacled starspawn
 22634 | Abyss:4  | Noticed a tentacled starspawn
 22642 | Abyss:4  | Killed a tentacled starspawn
 22642 | Abyss:4  | Reached XP level 16. HP: 126/132 MP: 9/24
 22653 | Abyss:4  | Killed a tentacled starspawn
 22715 | Abyss:4  | Noticed a tentacled starspawn
 22772 | Abyss:4  | Noticed a profane servitor
 22804 | Abyss:4  | Got an abyssal rune of Zot
 22826 | Lair:7   | Escaped the Abyss
 22886 | Lair:8   | Entered Level 8 of the Lair of Beasts
 24125 | Lair:8   | Found a staircase to the Slime Pits.
 24396 | Snake:1  | Entered Level 1 of the Snake Pit
 24552 | Snake:1  | Noticed schammes's ghost (journeyman DsFi)
 24589 | Snake:1  | Killed schammes's ghost
 24688 | Snake:1  | Reached skill level 15 in Evocations
 26075 | Snake:2  | Noticed Saint Roka
 26125 | Snake:2  | Killed Saint Roka
 26330 | Snake:2  | Reached XP level 17. HP: 131/157 MP: 16/28
 27478 | Snake:3  | Found Riveziah's General Store.
 27478 | Snake:3  | Noticed Louise
 27490 | Snake:3  | Killed Louise
 27589 | Snake:3  | Bought a scroll of enchant armour for 127 gold pieces
 28366 | Snake:4  | Entered Level 4 of the Snake Pit
 28432 | Snake:4  | Found Imakicux's Jewellery Shop.
 29089 | Snake:4  | Got a serpentine rune of Zot
 29632 | Elf:1    | Entered Level 1 of the Elven Halls
 29735 | Elf:1    | Found Naesiur's Antique Armour Boutique.
 29738 | Elf:1    | Bought a pair of glowing gloves for 126 gold pieces
 29918 | Elf:1    | Reached skill level 15 in Armour
 30039 | Elf:1    | Found Lorhur's Armour Emporium.
 30186 | Elf:1    | Found Zomacahergh's Weapon Shoppe.
 30209 | Elf:1    | Gained mutation: You passively map a large area around you. [Deep Dwarf growth]
 30209 | Elf:1    | Reached XP level 18. HP: 101/165 MP: 14/30
 30241 | Elf:1    | Found Wopyrr's Antique Armour Shoppe.
 30303 | Elf:1    | Noticed Aizul
 30323 | Elf:1    | Killed Aizul
 30391 | Elf:1    | Found Kaaffia's Assorted Antiques.
 30407 | Elf:1    | Bought a scroll of identify for 52 gold pieces
 30407 | Elf:1    | Bought a potion of heal wounds for 130 gold pieces
 30912 | Elf:2    | Found a huge runed gate.
 30914 | Elf:2    | Found a huge runed gate.
 30914 | Elf:2    | Found a huge runed gate.
 30915 | Elf:2    | Found a huge runed gate.
 30915 | Elf:2    | Found a huge runed gate.
 31809 | Elf:3    | Entered Level 3 of the Elven Halls
 32166 | Elf:3    | Got a smoking trident
 32281 | Elf:3    | Identified the +4 trident of Awkwardness {pain, rF+ SInv} (You found it on level 3 of the Elven Halls)
 32497 | Elf:3    | Gained mutation: You tend to lose your temper in combat. [a cacodemon]
 32860 | Elf:3    | Noticed a Tzitzimitl
 32871 | Elf:3    | Noticed a Brimstone Fiend
 32893 | Elf:3    | Noticed a Brimstone Fiend
 32894 | Elf:3    | Reached skill level 15 in Maces & Flails
 32910 | Elf:3    | Reached XP level 19. HP: 97/175 MP: 12/32
 32963 | Elf:3    | Got a scorched long sword {freeze}
 33002 | Elf:3    | Identified the +11 long sword of the Wilderness {freeze, rF+ Str+3} (You took it off a deep elf death mage on level 3 of the Elven Halls)
 33006 | Elf:3    | Got a brightly glowing dagger
 33010 | Elf:3    | Got a crude dagger
 33062 | Elf:3    | Noticed a Brimstone Fiend
 33657 | Elf:3    | Noticed a Brimstone Fiend
 33767 | Elf:3    | Got a scorched falchion {holy}
 33797 | Elf:3    | Got an iridescent shortbow {freeze}
 33837 | Elf:3    | Got a translucent pewter amulet
 33880 | Elf:3    | Identified the amulet of Dotazack {Spirit Dex+4} (You took it off a deep elf death mage on level 3 of the Elven Halls)
 33887 | Elf:3    | Identified Pifoi's Handbook of Calling
 33990 | Elf:3    | Identified the Grimoire of the Mountains and Transmutation
 34070 | Elf:3    | Identified the +1 falchion "Baeff" {holy, Stlth+} (You took it off a deep elf sorcerer on level 3 of the Elven Halls)
 34077 | Elf:3    | Identified the +8 shortbow of the Desert {freeze, rElec rC+ MR+} (You took it off a deep elf archer on level 3 of the Elven Halls)
 34087 | Elf:3    | Identified the Reference Book on Poisonous Changing
 34091 | Elf:3    | Identified the Tome of Earthen Envenoming
 34567 | Lair:2   | Gained mutation: You occasionally shout uncontrollably at your foes. [potion of mutation]
 34567 | Lair:2   | Gained mutation: You can translocate small distances at will. [potion of mutation]
 34567 | Lair:2   | Gained mutation: You are partially covered in large bone plates (AC +2, SH +2). [potion of mutation]
 34568 | Lair:2   | Gained mutation: You are clumsy. (Dex -2) [potion of mutation]
 34569 | Lair:2   | Lost mutation: You tend to lose your temper in combat. [potion of cure mutation]
 34569 | Lair:2   | Lost mutation: You occasionally shout uncontrollably at your foes. [potion of cure mutation]
 34569 | Lair:2   | Lost mutation: You are clumsy. (Dex -2) [potion of cure mutation]
 34569 | Lair:2   | Lost mutation: You are partially covered in large bone plates (AC +2, SH +2). [potion of cure mutation]
 34714 | D:11     | Bought 2 potions of beneficial mutation for 1120 gold pieces
 34714 | D:11     | Gained mutation: Your muscles are strong. (Str +2) [potion of beneficial mutation]
 34715 | D:11     | Gained mutation: You possess an exceptional clarity of mind. [potion of beneficial mutation]
 35074 | Slime:1  | Entered Level 1 of the Pits of Slime
 35608 | Slime:3  | Reached skill level 15 in Shields
 35717 | Slime:4  | Gained mutation: Your flesh is cold resistant. [a shining eye]
 35793 | Slime:6  | Entered Level 6 of the Pits of Slime
 35985 | Slime:6  | Reached skill level 15 in Dodging
 36129 | Slime:6  | Noticed the Royal Jelly
 36136 | Slime:6  | HP: 1/177 [acid (13)]
 36266 | Slime:6  | Gained mutation: Armour fits poorly on your strangely shaped body. [a shining eye]
 36270 | Slime:6  | Gained mutation: You are clumsy. (Dex -2) [a shining eye]
 36438 | Slime:6  | Reached XP level 20. HP: 159/186 MP: 20/33
 36678 | Slime:6  | Killed the Royal Jelly
 36727 | Slime:6  | Lost mutation: You can translocate small distances at will. [a shining eye]
 36751 | Slime:6  | Got a steaming plate armour
 36811 | Slime:6  | Got a pitted flail
 36867 | Slime:6  | Got a warped long sword
 36872 | Slime:6  | Got a slimy rune of Zot
 36879 | Slime:6  | Identified the Incunabulum of the Entrancing Birds
 36888 | Slime:6  | Got a bronze plate armour
 36904 | Slime:6  | Identified the +4 flail "Mimnulem" {crush, rC+ MR+ Str+2} (You found it on level 6 of the Pits of Slime)
 36905 | Slime:6  | Identified the +7 long sword of Victory {slice, rPois rF+ Str+2 SInv} (You found it on level 6 of the Pits of Slime)
 36925 | Slime:6  | Got an ominously black robe
 36994 | Slime:6  | Identified the +1 plate armour of the Shore {rElec rPois Dex+3} (You found it on level 6 of the Pits of Slime)
 37004 | Slime:6  | Identified the +9 plate armour of Zacsaje {MP+9} (You found it on level 6 of the Pits of Slime)
 37024 | Slime:6  | Identified the +2 robe of Sunlight {rElec rN++ Int-4} (You found it on level 6 of the Pits of Slime)
 37301 | Lair:2   | Lost mutation: Armour fits poorly on your strangely shaped body. [potion of mutation]
 37301 | Lair:2   | Gained mutation: You expend magic power (3 MP) to strengthen your wands. [potion of mutation]
 37301 | Lair:2   | Gained mutation: Armour fits poorly on your strangely shaped body. [potion of mutation]
 37714 | Lair:2   | Drew Focus: Str increased to 27, Int decreased to 9
 37734 | Lair:2   | Lost mutation: Your muscles are strong. (Str +2) [helix card]
 37919 | Snake:3  | Bought an ornate deck of wonders for 340 gold pieces
 37959 | Snake:3  | Drew Focus: Str increased to 28, Int decreased to 8
 37960 | Snake:3  | Drew Focus: Str increased to 29, Int decreased to 7
 37962 | Snake:3  | Lost mutation: You expend magic power (3 MP) to strengthen your wands. [helix card]
 38297 | Depths:1 | Entered Level 1 of the Depths
 38629 | Depths:1 | Noticed Asterion
 38641 | Depths:1 | Killed Asterion
 38645 | Depths:1 | Got a crude shield
 38671 | Depths:1 | Identified the cursed +0 shield of Cuovistre {Int+4} (You took it off Asterion on level 1 of the Depths)
 38952 | Depths:1 | Found a gateway to Hell.
 38992 | Depths:1 | Lost mutation: Armour fits poorly on your strangely shaped body. [helix card]
 39117 | Depths:1 | Gained mutation: Armour fits poorly on your strangely shaped body. [a cacodemon]
 39597 | Depths:2 | Found Muowniah's Gadget Boutique.
 39757 | Depths:2 | Found a one-way gate leading to the halls of Pandemonium.
 39888 | Depths:2 | Noticed loom's ghost (adept MiFi)
 39933 | Depths:2 | Killed loom's ghost
 40460 | Depths:2 | Got a pair of jewelled gloves
 40471 | Depths:2 | Identified the +0 pair of gloves of Virtue {+Fly rElec Int-4} (You found it on level 2 of the Depths)
 40522 | Depths:2 | Got a bloodstained mace
 40523 | Depths:2 | Identified the +0 mace "Kuelaf" {crush, *Contam Int+9} (You found it on level 2 of the Depths)
 40577 | Depths:2 | Got a translucent long sword {flame}
 40595 | Depths:2 | Noticed Wiglaf
 40598 | Depths:2 | Found an iron altar of Okawaru.
 40626 | Depths:2 | Killed Wiglaf
 40824 | Depths:2 | Gained mutation: Your spells are a little harder to cast, but a little more powerful. [mutagenic meat]
 40825 | Depths:2 | Gained mutation: You are resistant to hostile enchantments. [mutagenic meat]
 40840 | Depths:2 | Gained mutation: You are occasionally teleported next to monsters. [mutagenic meat]
 40843 | Depths:2 | Gained mutation: Your mind is acute. (Int +2) [mutagenic meat]
 41000 | Depths:3 | Noticed the Enchantress
 41149 | Depths:4 | Reached XP level 21. HP: 169/194 MP: 12/35
 41217 | Depths:4 | Found a one-way gate to the infinite horrors of the Abyss.
 41398 | Depths:4 | Identified the +8 long sword "Grim Tooth" {flame, rC+ MP+9} (You took it off an orc warlord on level 2 of the Depths)
 42195 | Depths:4 | Noticed a golden dragon
 42207 | Depths:4 | Killed a golden dragon
 42284 | Depths:4 | Got a slimy robe
 42295 | Depths:4 | Identified the cursed +1 robe of Zunwur {rC+ rCorr Dex-3 SInv} (You found it on level 4 of the Depths)
 42620 | Depths:3 | Found Fikutit's Jewellery Shop.
 42675 | Depths:3 | Killed the Enchantress
 42679 | Depths:3 | Got a faerie dragon armour
 42778 | Depths:2 | Identified the +1 faerie dragon armour {+Fly rF- MR+ Dex+2} (You took it off the Enchantress on level 3 of the Depths)
 43005 | Lair:2   | Lost mutation: You are clumsy. (Dex -2) [potion of mutation]
 43006 | Lair:2   | Lost mutation: Your mind is acute. (Int +2) [potion of mutation]
 43140 | D:11     | Bought a potion of magic for 128 gold pieces
 43140 | D:11     | Bought a potion of cure mutation for 400 gold pieces
 43140 | D:11     | Lost mutation: Armour fits poorly on your strangely shaped body. [potion of cure mutation]
 43140 | D:11     | Lost mutation: You are occasionally teleported next to monsters. [potion of cure mutation]
 43140 | D:11     | Lost mutation: Your spells are a little harder to cast, but a little more powerful. [potion of cure mutation]
 43140 | D:11     | Lost mutation: You are resistant to hostile enchantments. [potion of cure mutation]
 43140 | D:11     | Lost mutation: Your flesh is cold resistant. [potion of cure mutation]
 43302 | Shoals:1 | Entered Level 1 of the Shoals
 43302 | Shoals:1 | Found Uckyecle's Food Boutique.
 43556 | Shoals:1 | Found Qithrot's Assorted Antiques.
 43605 | Shoals:1 | Found Lythrula's Antique Weapon Emporium.
 44411 | Shoals:2 | Found Sekifuk's Food Shop.
 44980 | Shoals:3 | Found Wuyps's Antique Weapon Boutique.
 45420 | Shoals:4 | Entered Level 4 of the Shoals
 45730 | Shoals:4 | Identified the Compendium of Air (You found it on level 4 of the Shoals)
 45786 | Shoals:4 | Reached XP level 22. HP: 171/205 MP: 36/36
 46139 | Shoals:4 | Got a barnacled rune of Zot
 46144 | Shoals:4 | Noticed Ilsuiw
 46161 | Shoals:4 | Killed Ilsuiw
 47003 | Vaults:1 | Entered Level 1 of the Vaults
 47053 | Vaults:1 | Noticed Jorgrun
 47088 | Vaults:1 | Killed Jorgrun
 47267 | Vaults:1 | Found a roughly hewn altar of Beogh.
 47865 | Vaults:1 | Got a faintly glowing helmet
 47880 | Vaults:1 | Identified the +2 helmet of Panentheism {-Tele Str+4 Int-2 Slay+2} (You found it on level 1 of the Vaults)
 47986 | Vaults:1 | Found Ariut's Antique Armour Emporium.
 48749 | Vaults:2 | Found Gussoed's Weapon Shoppe.
 48778 | Vaults:2 | Found Wuamay's Book Emporium.
 49035 | Vaults:2 | Got a crystal greatsling
 49044 | Vaults:2 | Identified the +3 greatsling "Tuud" {flame, Dex+4} (You found it on level 2 of the Vaults)
 50192 | Vaults:3 | Found a staircase to the Crypt.
 50409 | Vaults:3 | Found Ivay's Weapon Boutique.
 51031 | Vaults:3 | Reached XP level 23. HP: 195/214 MP: 6/38
 51511 | Vaults:4 | Found Laurphir's Jewellery Emporium.
 52169 | Vaults:4 | Got a smoking crystal plate armour
 52180 | Vaults:4 | Identified the +8 crystal plate armour "Feiqos" {rElec rC- Regen+ Dex+2} (You acquired it on level 4 of the Vaults)
 53118 | Vaults:5 | Entered Level 5 of the Vaults
 53411 | Vaults:5 | Reached XP level 24. HP: 204/224 MP: 11/38
 53643 | Vaults:5 | Reached skill level 15 in Fighting
 53957 | Vaults:5 | Got a silver rune of Zot
 54221 | Vaults:5 | Found Naxusi's Antique Armour Boutique.
 54569 | Vaults:5 | Noticed an ancient lich
 54580 | Vaults:5 | Killed an ancient lich
 54712 | Vaults:5 | Got a dazzling battleaxe {flame}
 54714 | Vaults:5 | Identified the +8 battleaxe of the Coin {flame, rC+ Dex+5} (You took it off a tengu reaver on level 5 of the Vaults)
 54726 | Vaults:5 | Identified the Grimoire of Congealing Dislocation
 54801 | Vaults:5 | Identified the Grimoire of Calling (You found it on level 5 of the Vaults)
 55353 | Lair:2   | Identified the cursed +1 dagger "Nareh" {flame, MR- Str+4 Dex+3} (You found it on level 3 of the Elven Halls)
 55354 | Lair:2   | Identified the +2 dagger of Petreubb {pierce, rPois Int+3} (You found it on level 3 of the Elven Halls)
 56184 | Depths:3 | Got an ancient morningstar
 56186 | Depths:3 | Got a shimmering war axe
 56192 | Depths:3 | Identified the +1 morningstar of the Blowfly {crush, *Noise rPois rN+ Int+4} (You found it on level 3 of the Depths)
 56193 | Depths:3 | Identified the +9 war axe "Embalmer" {chop, rElec rC+ MR+} (You found it on level 3 of the Depths)
 56316 | Depths:3 | Gained mutation: You are partially covered in icy blue scales (AC +1). [a neqoxec]
 56389 | Depths:3 | Noticed Margery
 56416 | Depths:3 | Killed Margery
 56628 | Depths:5 | Entered Level 5 of the Depths
 56628 | Depths:5 | Noticed Boris
 56636 | Depths:5 | Killed Boris
 56990 | Depths:5 | Reached XP level 25. HP: 209/234 MP: 24/39
 57053 | Depths:5 | Found a gate to the Realm of Zot.
 57444 | Depths:5 | Found a gateway to a ziggurat.
 57745 | Zot:1    | Entered Level 1 of the Realm of Zot
 59601 | Zot:2    | Reached XP level 26. HP: 163/244 MP: 6/39
 60313 | Zot:3    | Found a shimmering altar of Xom.
 61388 | Zot:3    | Identified the Volume of the Zealot
 61408 | Zot:3    | Identified Sif Muna's Grimoire of Fire and Brimstone
 63453 | Depths:2 | Bought a +3 rod of ignition (12/12) for 2200 gold pieces
 63730 | Crypt:1  | Entered Level 1 of the Crypt
 63870 | Crypt:1  | Found a basalt altar of Yredelemnul.
 64065 | Crypt:1  | Reached XP level 27. HP: 238/254 MP: 19/39
 64068 | Crypt:1  | Got a jewelled halberd {elec}
 64069 | Crypt:1  | Identified the +5 halberd "Tivved" {elec, Str+4} (You took it off an ancient champion on level 1 of the Crypt)
 65050 | Crypt:3  | Entered Level 3 of the Crypt
 65059 | Crypt:3  | Noticed Donald
 65075 | Crypt:3  | Killed Donald
 65542 | Crypt:3  | Got a scorched great sword
 65543 | Crypt:3  | Identified the +8 great sword "Beastslayer" {flame, rPois} (You found it on level 3 of the Crypt)
 65546 | Crypt:3  | Got a shimmering great sword
 65547 | Crypt:3  | Identified the +3 great sword of Ysochon {freeze, Dex+3} (You found it on level 3 of the Crypt)
 65679 | Crypt:3  | Noticed an ancient lich
 65694 | Crypt:3  | Killed an ancient lich
 65750 | Crypt:3  | Noticed letownia's ghost (veteran TrWz)
 65772 | Crypt:3  | Banished letownia's ghost
 66104 | Crypt:3  | Found a staircase to the Tomb.
 66472 | Crypt:3  | Got a twitching pewter ring
 66483 | Crypt:3  | Identified the ring "Toipn" {rC+ rN+} (You took it off a vampire mage on level 3 of the Crypt)
 67337 | Hell     | Entered the Vestibule of Hell
 67337 | Hell     | Noticed Geryon
 67359 | Hell     | Killed Geryon
 67536 | Hell     | Found a gateway to the freezing wastes of Cocytus.
 67656 | Hell     | Found a gateway to the decaying netherworld of Tartarus.
 67807 | Hell     | Found a gateway to the ashen valley of Gehenna.
 67870 | Hell     | Found a gateway to the Iron City of Dis.
 68075 | Dis:1    | Entered Level 1 of the Iron City of Dis
 69626 | Dis:5    | You fall through a shaft!
 69814 | Dis:7    | Entered Level 7 of the Iron City of Dis
 70418 | Dis:7    | Got an iridescent flail
 70422 | Dis:7    | Got a pitted dagger
 70423 | Dis:7    | Identified the +4 flail of Bile {crush, rElec} (You found it on level 7 of the Iron City of Dis)
 70424 | Dis:7    | Identified the +7 dagger of the Egg {venom, rPois rC+ Int+3 Dex+3} (You found it on level 7 of the Iron City of Dis)
 70542 | Dis:7    | Identified the Volume of Clay and the Blaze
 70563 | Dis:7    | Identified a supercharged wand of heal wounds (13/13) (supercharged by Pakellas)
 70775 | Dis:7    | Identified the Tome of Spatial Evil
 70777 | Dis:7    | Got a pitted battleaxe
 70783 | Dis:7    | Identified the +4 battleaxe of the Unspeakable One {freeze, rPois rC++} (You found it on level 7 of the Iron City of Dis)
 70893 | Dis:7    | Reached skill level 27 in Evocations
 70923 | Dis:7    | Noticed the Serpent of Hell
 70962 | Dis:7    | Killed the Serpent of Hell
 71077 | Dis:7    | Noticed Dispater
 71108 | Dis:7    | Killed Dispater
 71182 | Dis:7    | Got an iron rune of Zot
 71186 | Dis:7    | Identified the Incunabulum of Evil Translocation
 71616 | Dis:7    | Gained mutation: Your body sometimes deteriorates upon taking damage. [mutagenic glow]
 71874 | Lair:2   | Learned a level 3 spell: Vampiric Draining
 72023 | D:11     | Bought a potion of magic for 128 gold pieces
 72264 | Zig:1    | Entered Level 1 of a ziggurat
 72291 | Zig:2    | Entered Level 2 of a ziggurat
 72317 | Zig:3    | Entered Level 3 of a ziggurat
 72373 | Zig:4    | Entered Level 4 of a ziggurat
 72376 | Zig:4    | Noticed Ojua the pandemonium lord
 72382 | Zig:4    | Killed Ojua the pandemonium lord
 72506 | Zig:5    | Entered Level 5 of a ziggurat
 72671 | Zig:5    | Got a transparent steel ring
 72685 | Zig:5    | Identified the ring of the Catfish {rF+ Dex+3} (You found it on level 5 of a ziggurat)
 72689 | Zig:6    | Entered Level 6 of a ziggurat
 72695 | Zig:6    | Noticed Etzod the pandemonium lord
 72702 | Zig:6    | Killed Etzod the pandemonium lord
 72858 | Zig:6    | Identified Efuase's Collected Works on Helpful Evil
 72945 | Zig:7    | Entered Level 7 of a ziggurat
 73069 | Zig:8    | Entered Level 8 of a ziggurat
 73227 | Zig:9    | Entered Level 9 of a ziggurat
 73415 | Zig:10   | Entered Level 10 of a ziggurat
 73510 | Zig:10   | Got an iridescent great mace
 73528 | Zig:10   | Identified the cursed +2 great mace of Herriag {venom, Str-2 Int+4 Dex+4} (You found it on level 10 of a ziggurat)
 73557 | Zig:11   | Entered Level 11 of a ziggurat
 73574 | Zig:11   | Noticed Lautog the pandemonium lord
 73592 | Zig:11   | Killed Lautog the pandemonium lord
 73596 | Zig:11   | Gained mutation: You are dopey. (Int -2) [a cacodemon]
 73597 | Zig:11   | Gained mutation: You are clumsy. (Dex -2) [a cacodemon]
 73599 | Zig:11   | Gained mutation: You expend magic power (3 MP) to strengthen your wands. [a cacodemon]
 73641 | Zig:11   | Lost mutation: You are dopey. (Int -2) [potion of cure mutation]
 73641 | Zig:11   | Lost mutation: Your body sometimes deteriorates upon taking damage. [potion of cure mutation]
 73641 | Zig:11   | Lost mutation: You expend magic power (3 MP) to strengthen your wands. [potion of cure mutation]
 73641 | Zig:11   | Lost mutation: You possess an exceptional clarity of mind. [potion of cure mutation]
 73641 | Zig:11   | Lost mutation: You are clumsy. (Dex -2) [potion of cure mutation]
 73655 | Zig:11   | Identified the Reference Book on Hexes
 73747 | Zig:12   | Entered Level 12 of a ziggurat
 73753 | Zig:12   | Paralysed by a giant eyeball for 3 turns
 73778 | Zig:12   | Noticed an ancient lich
 73794 | Zig:12   | Got a transparent arbalest
 73805 | Zig:13   | Entered Level 13 of a ziggurat
 73943 | Zig:13   | Identified the +7 arbalest of Voozynt {flame, rElec rN+} (You found it on level 12 of a ziggurat)
 74101 | Zig:13   | Gained mutation: Scrolls take you a little longer to read. [a shining eye]
 74167 | Zig:14   | Entered Level 14 of a ziggurat
 74245 | Zig:14   | Noticed Esixt the pandemonium lord
 74262 | Zig:14   | Noticed Xykaziul the pandemonium lord
 74269 | Zig:14   | Noticed Vaysext the pandemonium lord
 74293 | Zig:14   | Paralysed by a giant eyeball for 3 turns
 74295 | Zig:14   | Noticed Turgh the pandemonium lord
 74315 | Zig:14   | Killed Xykaziul the pandemonium lord
 74322 | Zig:14   | Killed Esixt the pandemonium lord
 74365 | Zig:14   | Killed Turgh the pandemonium lord
 74370 | Zig:14   | Killed Vaysext the pandemonium lord
 74442 | Zig:14   | Got a crude whip
 74452 | Zig:14   | Got a smoking hand crossbow
 74465 | Zig:14   | Identified the +7 whip of the End {slash, rPois MR- MP+9 SInv} (You found it on level 14 of a ziggurat)
 74467 | Zig:14   | Identified the Papyrus of Creative Cold (You found it on level 14 of a ziggurat)
 74471 | Zig:14   | Identified the +7 hand crossbow "Yfocir Tene" {velocity, rElec rF+ MR+} (You found it on level 14 of a ziggurat)
 74519 | Zig:14   | Gained mutation: Your spells are a little easier to cast, but a little less powerful. [mutagenic meat]
 74521 | Zig:14   | Lost mutation: Scrolls take you a little longer to read. [mutagenic meat]
 74522 | Zig:14   | Gained mutation: You have sharp toenails. [mutagenic meat]
 74523 | Zig:14   | Gained mutation: You are agile. (Dex +2) [mutagenic meat]
 74524 | Zig:14   | Gained mutation: Your muscles are strong. (Str +2) [mutagenic meat]
 74526 | Zig:14   | Lost mutation: Your spells are a little easier to cast, but a little less powerful. [mutagenic meat]
 74550 | Zig:15   | Entered Level 15 of a ziggurat
 74751 | Zig:15   | Got a bloodstained spear
 74756 | Zig:15   | Identified the +2 spear of Amortisation {holy, Dex+3} (You found it on level 15 of a ziggurat)
 74783 | Zig:15   | Got a faintly glowing dagger
 74784 | Zig:15   | Identified the +3 dagger of Cifybb {drain, Str+10 Int+3} (You found it on level 15 of a ziggurat)
 74789 | Zig:16   | Entered Level 16 of a ziggurat
 74830 | Zig:16   | Noticed an orb of fire
 74831 | Zig:16   | Gained mutation: Your magical capacity is low (-10% MP). [an orb of fire]
 74836 | Zig:16   | Gained mutation: You expend magic power (3 MP) to strengthen your wands. [an orb of fire]
 74841 | Zig:16   | Lost mutation: You are agile. (Dex +2) [an orb of fire]
 74849 | Zig:16   | Noticed an orb of fire
 74849 | Zig:16   | Noticed an orb of fire
 74852 | Zig:16   | Noticed an orb of fire
 74856 | Zig:16   | Gained mutation: Your spells are a little easier to cast, but a little less powerful. [an orb of fire]
 74865 | Zig:16   | Killed an orb of fire
 74874 | Zig:16   | Lost mutation: Your muscles are strong. (Str +2) [an orb of fire]
 74876 | Zig:16   | Gained mutation: You are partially covered in slimy green scales (AC +2). [an orb of fire]
 74879 | Zig:16   | Gained mutation: You are weak. (Str -2) [an orb of fire]
 74884 | Zig:16   | Gained mutation: Armour fits poorly on your strangely shaped body. [an orb of fire]
 74884 | Zig:16   | Gained mutation: You are occasionally teleported next to monsters. [an orb of fire]
 74888 | Zig:16   | Killed an orb of fire
 74893 | Zig:16   | Killed an orb of fire
 74896 | Zig:16   | Gained mutation: You tend to lose your temper in combat. [an orb of fire]
 74905 | Zig:16   | Killed an orb of fire
 74910 | Zig:16   | Lost mutation: Your magical capacity is low (-10% MP). [potion of cure mutation]
 74910 | Zig:16   | Lost mutation: You are occasionally teleported next to monsters. [potion of cure mutation]
 74910 | Zig:16   | Lost mutation: You are weak. (Str -2) [potion of cure mutation]
 74910 | Zig:16   | Lost mutation: You tend to lose your temper in combat. [potion of cure mutation]
 74911 | Zig:16   | Lost mutation: You are partially covered in slimy green scales (AC +2). [potion of cure mutation]
 74911 | Zig:16   | Lost mutation: You have sharp toenails. [potion of cure mutation]
 74911 | Zig:16   | Lost mutation: Armour fits poorly on your strangely shaped body. [potion of cure mutation]
 74911 | Zig:16   | Lost mutation: You expend magic power (3 MP) to strengthen your wands. [potion of cure mutation]
 74911 | Zig:16   | Lost mutation: Your spells are a little easier to cast, but a little less powerful. [potion of cure mutation]
 75080 | Zig:17   | Entered Level 17 of a ziggurat
 75366 | Zig:17   | Got a slimy blowgun
 75417 | Zig:17   | Identified the +4 blowgun of Doom {evade, Int+4} (You found it on level 17 of a ziggurat)
 75424 | Zig:18   | Entered Level 18 of a ziggurat
 75636 | Zig:18   | Noticed a juggernaut
 75686 | Zig:18   | Killed a juggernaut
 75990 | Zig:19   | Entered Level 19 of a ziggurat
 76044 | Zig:19   | Reached skill level 27 in Shields
 76096 | Zig:19   | Gained mutation: Scrolls take you a little longer to read. [a shining eye]
 76178 | Zig:19   | Identified the Almanac of the Assistive Traveller
 76180 | Zig:19   | Got a vibrating platinum ring
 76187 | Zig:19   | Identified the ring "Sigur" {-Tele rElec rC- Str+8 Slay+3} (You found it on level 19 of a ziggurat)
 76188 | Zig:19   | Got a dazzling mace
 76202 | Zig:19   | Got a scorched ruby amulet
 76210 | Zig:19   | Identified the amulet "Ohou" {Reflect *Contam rPois Str+2 Dex+3 SH+2} (You found it on level 19 of a ziggurat)
 76210 | Zig:19   | Identified the +7 mace of the Tent {flame, +Inv rN+ Int-4} (You found it on level 19 of a ziggurat)
 76228 | Zig:19   | Lost mutation: You are partially covered in icy blue scales (AC +1). [potion of cure mutation]
 76228 | Zig:19   | Lost mutation: Scrolls take you a little longer to read. [potion of cure mutation]
 76232 | Zig:20   | Entered Level 20 of a ziggurat
 76380 | Zig:20   | Got a faintly glowing glaive
 76386 | Zig:21   | Entered Level 21 of a ziggurat
 76411 | Zig:21   | Noticed nixorn's ghost (legendary HOFi)
 76418 | Zig:21   | Cast into level 5 of the Abyss (nixorn's ghost)
 76418 | Abyss:5  | Entered Level 5 of the Abyss
 76418 | Abyss:5  | Found a corrupted altar of Lugonu.
 76460 | Zig:21   | Escaped the Abyss
 76566 | Zig:21   | Gained mutation: Armour fits poorly on your strangely shaped body. [a shining eye]
 76573 | Zig:21   | Killed nixorn's ghost
 76687 | Zig:21   | Identified the Papyrus of the Entourage
 76693 | Zig:21   | Got a bloodstained spear
 76719 | Zig:21   | Got a crude helmet
 76730 | Zig:21   | Identified the +0 helmet "Ateizif" {+Inv rElec rPois Str-5} (You found it on level 21 of a ziggurat)
 76776 | Zig:22   | Entered Level 22 of a ziggurat
 77084 | Zig:22   | Gained mutation: You are clumsy. (Dex -2) [mutagenic meat]
 77085 | Zig:22   | Gained mutation: You are partially covered in icy blue scales (AC +1). [mutagenic meat]
 77086 | Zig:22   | Gained mutation: You are dopey. (Int -2) [mutagenic meat]
 77087 | Zig:22   | Gained mutation: You tend to lose your temper in combat. [mutagenic meat]
 77088 | Zig:22   | Gained mutation: Your muscles are strong. (Str +2) [mutagenic meat]
 77089 | Zig:22   | Lost mutation: Your muscles are strong. (Str +2) [mutagenic meat]
 77090 | Zig:22   | Gained mutation: You are very clumsy. (Dex -4) [mutagenic meat]
 77093 | Zig:22   | Lost mutation: You are dopey. (Int -2) [potion of cure mutation]
 77093 | Zig:22   | Lost mutation: Armour fits poorly on your strangely shaped body. [potion of cure mutation]
 77093 | Zig:22   | Lost mutation: You are very clumsy. (Dex -4) [potion of cure mutation]
 77218 | Zig:22   | Identified the Papyrus of the Vacuum
 77239 | Zig:22   | Got a smoking hand crossbow
 77244 | Zig:22   | Identified the +9 hand crossbow of Byut Cop {venom, rF+++ MR- MP+9 Dex-4} (You found it on level 22 of a ziggurat)
 77255 | Zig:22   | Lost mutation: You tend to lose your temper in combat. [potion of cure mutation]
 77255 | Zig:22   | Lost mutation: You are partially covered in icy blue scales (AC +1). [potion of cure mutation]
 77255 | Zig:22   | Lost mutation: You are clumsy. (Dex -2) [potion of cure mutation]
 77288 | Zig:23   | Entered Level 23 of a ziggurat
 77649 | Zig:23   | Identified the Reference Book on Beguiling
 77656 | Zig:23   | Got a sparkling marble ring
 77657 | Zig:23   | Identified the ring "Huefef" {Ice Stlth+} (You found it on level 23 of a ziggurat)
 77666 | Zig:23   | Identified Sif Muna's Almanac of Contamination and Summoning
 77672 | Zig:23   | Got a pitted bone ring
 77701 | Zig:23   | Identified the ring "Kesaachu" {rPois MR+ Str+2 Stlth-} (You found it on level 23 of a ziggurat)
 77711 | Zig:24   | Entered Level 24 of a ziggurat
 78323 | Zig:25   | Entered Level 25 of a ziggurat
 78580 | Zig:25   | Reached skill level 10 in Axes
 78814 | Zig:25   | Got a heavily runed silver amulet
 78815 | Zig:25   | Identified the amulet "Logecise" {Regen+ Int+4} (You found it on level 25 of a ziggurat)
 78843 | Zig:26   | Entered Level 26 of a ziggurat
 78892 | Zig:26   | Noticed Zuxkaoni the pandemonium lord
 78899 | Zig:26   | Noticed Hifirrue the pandemonium lord
 78917 | Zig:26   | Killed Zuxkaoni the pandemonium lord
 78918 | Zig:26   | Noticed Rinur the pandemonium lord
 78931 | Zig:26   | Noticed Hoextir the pandemonium lord
 78932 | Zig:26   | Noticed Esmairez the pandemonium lord
 78937 | Zig:26   | Killed Hifirrue the pandemonium lord
 78942 | Zig:26   | Noticed Aleqoh the pandemonium lord
 78946 | Zig:26   | Noticed Vounen the pandemonium lord
 78949 | Zig:26   | Noticed Etsasets the pandemonium lord
 78952 | Zig:26   | Noticed Dyagg the pandemonium lord
 78961 | Zig:26   | Noticed Yliefotwur the pandemonium lord
 78962 | Zig:26   | Noticed Oseur the pandemonium lord
 78962 | Zig:26   | Noticed Xedalos the pandemonium lord
 78964 | Zig:26   | Noticed Imeups Emne the pandemonium lord
 78966 | Zig:26   | Noticed Piso the pandemonium lord
 78980 | Zig:26   | Noticed Poevib the pandemonium lord
 78980 | Zig:26   | Noticed Zoemez the pandemonium lord
 78982 | Zig:26   | Noticed Gaegetac the pandemonium lord
 78983 | Zig:26   | Noticed Teplaoqe the pandemonium lord
 78985 | Zig:26   | Noticed Zelett the pandemonium lord
 78997 | Zig:27   | Entered Level 27 of a ziggurat
 79071 | Zig:27   | Noticed an ancient lich
 79083 | Zig:27   | Killed an ancient lich
 79154 | Zig:27   | Noticed an ancient lich
 79171 | Zig:27   | Killed an ancient lich
 79183 | Zig:27   | Noticed an ancient lich
 79207 | Zig:27   | Noticed an ancient lich
 79209 | Zig:27   | Noticed an ancient lich
 79215 | Zig:27   | Noticed an ancient lich
 79216 | Zig:27   | Noticed an ancient lich
 79220 | Zig:27   | Noticed an ancient lich
 79220 | Zig:27   | Killed an ancient lich
 79221 | Zig:27   | Noticed an ancient lich
 79223 | Zig:27   | Reached skill level 27 in Maces & Flails
 79231 | Zig:27   | Noticed an ancient lich
 79254 | Zig:27   | Noticed an ancient lich
 79261 | Zig:27   | Killed an ancient lich
 79274 | Zig:27   | Killed an ancient lich
 79281 | Zig:27   | Killed an ancient lich
 79285 | Zig:27   | Noticed an ancient lich
 79285 | Zig:27   | Killed an ancient lich
 79309 | Zig:27   | Killed an ancient lich
 79339 | Zig:27   | Killed an ancient lich
 79348 | Zig:27   | Killed an ancient lich
 79353 | Zig:27   | Killed an ancient lich
 79353 | Zig:27   | Reached skill level 27 in Armour
 79365 | Zig:27   | Killed an ancient lich
 79487 | Zig:27   | Got a scorched lead ring
 79514 | Zig:27   | Identified a +1 pair of boots of running (You found it on level 27 of a ziggurat)
 79539 | Zig:27   | Gained mutation: You have sharp toenails. [potion of beneficial mutation]
 79549 | Zig:27   | Identified Bonagoz's Catalogue of Supportive Evil
 79571 | Zig:27   | Identified the ring "Afrowuna" {MR+ Dex+6 Stlth-} (You found it on level 27 of a ziggurat)
 79589 | Zig:27   | Identified Sif Muna's Grimoire of the Hurtful Snowflakes
 79609 | Zig:27   | Got a distressingly furry crystal plate armour
 79620 | Zig:27   | Identified the +0 crystal plate armour "Trusted Companion" {rF+ Str+2 Int+3} (You acquired it on level 27 of a ziggurat)
 79963 | Zig:1    | Entered Level 1 of a ziggurat
 79987 | Zig:2    | Entered Level 2 of a ziggurat
 80045 | Zig:3    | Entered Level 3 of a ziggurat
 80094 | Zig:4    | Entered Level 4 of a ziggurat
 80101 | Zig:4    | Noticed an ancient lich
 80116 | Zig:4    | Killed an ancient lich
 80143 | Zig:4    | Gained mutation: Your muscles are strong. (Str +2) [potion of beneficial mutation]
 80163 | Zig:5    | Entered Level 5 of a ziggurat
 80218 | Zig:5    | Identified Xomoe's Disquisition on Curses and Translocation
 80221 | Zig:5    | Learned a level 1 spell: Apportation
 80222 | Zig:5    | Got a warped whip
 80226 | Zig:5    | Identified Deojuing's Almanac of Changing
 80232 | Zig:6    | Entered Level 6 of a ziggurat
 80331 | Zig:6    | Got a shimmering dire flail
 80332 | Zig:6    | Identified the +8 whip "Haetar" {flame, *Corrode rElec Dex+2 Stlth+} (You found it on level 5 of a ziggurat)
 80334 | Zig:6    | Identified the +8 dire flail "Vuwoshuz" {crush, *Confuse rN+ Str+4} (You found it on level 6 of a ziggurat)
 80339 | Zig:7    | Entered Level 7 of a ziggurat
 80433 | Zig:7    | Got a sparkling granite ring
 80436 | Zig:7    | Got a crude mace
 80444 | Zig:7    | Identified the ring "Paosuafat" {*Tele Int+3} (You found it on level 7 of a ziggurat)
 80448 | Zig:8    | Entered Level 8 of a ziggurat
 80455 | Zig:8    | Noticed Lyluepoyck the pandemonium lord
 80474 | Zig:8    | Gained mutation: You tend to lose your temper in combat. [a cacodemon]
 80478 | Zig:8    | Paralysed by Lyluepoyck for 5 turns
 80480 | Zig:8    | Killed from afar by a Hell Sentinel

Skill      XL: |  1  2  3  4  5  6  7  8  9 10 11 12 13 14 15 16 17 18 19 20 21 22 23 24 25 26 27 |
---------------+----------------------------------------------------------------------------------+-----
Dodging        | 2 3 4 5 6 8 9 10 11 12 13 14 15 16 17 18 19 24 | 24.8
Evocations     | 2 3 4 5 7 8 9 10 12 13 14 15 17 18 19 20 21 22 23 24 25 27 | 27.0
Axes           | 4 5 6 7 8 13 | 13.8
Armour         | 4 5 6 7 8 10 11 12 13 15 16 17 18 19 20 21 22 27 | 27.0
Shields        | 4 5 6 7 8 9 10 11 12 13 14 15 16 17 19 21 22 27 | 27.0
Fighting       | 3 4 5 6 7 8 9 10 11 12 13 14 15 16 23 | 23.7
Maces & Flails | 3 5 7 9 11 12 13 14 15 16 17 18 19 20 21 27 | 27.0

Action                   |  1- 3 |  4- 6 |  7- 9 | 10-12 | 13-15 | 16-18 | 19-21 | 22-24 | 25-27 || total
-------------------------+-------+-------+-------+-------+-------+-------+-------+-------+-------++-------
Melee: War axe           |    73 |   179 |   413 |       |       |       |       |     5 |     8 ||   678
       Whip              |       |       |   111 |   722 |  2063 |  2024 |  2934 |  2291 |     7 || 10152
       Eveningstar       |       |       |       |       |       |       |       |   367 |  4995 ||  5362
       Morningstar       |       |       |       |       |       |       |       |       |   188 ||   188
       Executioner's axe |       |       |       |       |       |       |       |       |    20 ||    20
Throw: Throwing net      |       |       |       |       |     2 |     5 |     2 |       |       ||     9
Invok: Quick Charge      |       |       |       |    11 |    17 |    28 |    33 |    29 |   144 ||   262
       Device Surge      |       |       |       |       |       |       |       |       |     8 ||     8
       Supercharge       |       |       |       |       |       |       |       |       |     1 ||     1
 Abil: Evoke Blink       |       |       |     1 |     7 |     2 |     3 |    18 |    24 |    59 ||   114
       Evoke Flight      |       |       |       |       |     1 |       |     3 |     3 |     6 ||    13
       Evoke Invisibilit |       |       |       |       |       |     1 |       |       |       ||     1
Evoke: Wand              |     1 |     2 |    20 |   108 |   124 |   110 |   151 |   151 |   567 ||  1234
       Box of beasts     |       |       |       |     3 |     3 |     1 |     2 |     1 |    11 ||    21
       Lamp of fire      |       |       |       |     3 |     3 |     8 |     6 |    10 |    24 ||    54
       Rod               |       |       |       |     6 |    17 |    36 |    50 |    65 |   318 ||   492
       Fan of gales      |       |       |       |     1 |     3 |     5 |     7 |     3 |    17 ||    36
       Stone of tremors  |       |       |       |       |     3 |     3 |     2 |       |     4 ||    12
       Deck              |       |       |       |       |       |       |    40 |       |     7 ||    47
       Phial of floods   |       |       |       |       |       |       |     8 |    10 |    24 ||    42
       Horn of Geryon    |       |       |       |       |       |       |       |       |    13 ||    13
       Disc of storms    |       |       |       |       |       |       |       |       |    10 ||    10
       Figurine of a zig |       |       |       |       |       |       |       |       |     1 ||     1
  Use: Potion            |     2 |       |     6 |     2 |     4 |    17 |    18 |     9 |    68 ||   126
       Scroll            |     1 |     4 |    13 |    10 |     7 |    12 |    22 |    21 |   106 ||   196
 Stab: Paralysed         |       |       |     1 |       |    13 |     9 |    29 |     1 |    50 ||   103
       Confused          |       |       |       |    17 |    36 |     4 |       |     3 |    21 ||    81
       Distracted        |       |       |       |     1 |     2 |     5 |     5 |     6 |    12 ||    31
       Held in net/web   |       |       |       |       |     4 |     8 |     5 |     1 |       ||    18
       Invisible         |       |       |       |       |       |     6 |       |       |       ||     6
       Petrified         |       |       |       |       |       |     1 |       |     1 |    10 ||    12
       Petrifying        |       |       |       |       |       |       |       |     4 |    68 ||    72
       Fleeing           |       |       |       |       |       |       |       |       |     1 ||     1
  Eat: Chunk             |       |     2 |    12 |    22 |    26 |    12 |    33 |    27 |    44 ||   178
       Fruit             |       |       |       |     3 |       |     3 |       |     3 |     5 ||    14
       Meat ration       |       |       |       |     1 |       |     2 |     1 |       |    14 ||    18
       Beef jerky        |       |       |       |       |     2 |     1 |     5 |     4 |     4 ||    16
       Royal jelly       |       |       |       |       |     2 |       |     1 |       |    10 ||    13
       Bread ration      |       |       |       |       |     1 |     4 |     2 |     2 |     6 ||    15
       Pizza             |       |       |       |       |       |       |     1 |     1 |     1 ||     3
Armor: Scale mail        |    33 |     4 |       |       |       |       |       |       |       ||    37
       Chain mail        |       |   109 |   255 |   110 |       |       |       |       |       ||   474
       Ring mail         |       |       |       |    27 |     9 |       |       |       |       ||    36
       Crystal plate arm |       |       |       |       |   536 |   446 |   673 |   480 |  1164 ||  3299
       Gold dragon armou |       |       |       |       |       |       |       |       |   898 ||   898
Dodge: Dodged            |    22 |    38 |   141 |   172 |   287 |   318 |   618 |   681 |  3109 ||  5386
Block: Shield            |    35 |   100 |   262 |   332 |  1085 |  1182 |  1758 |  1722 |  6081 || 12557
       Reflection        |       |       |       |     4 |    56 |   141 |   120 |   137 |   289 ||   747
       Other             |       |       |       |       |       |       |       |       |   165 ||   165
